Map: Year Zero LE

Players

Rail - Winner!

  • Race: Protoss Protoss
  • League: Grandmaster
  • Spawn Location: 11:00

Serral

  • Race: Zerg Zerg
  • League: Master
  • Spawn Location: 1:00

Event: 2019 WCS Winter Europe

VOD

Have the link to the VOD?

Description

Time

  • Played on: Feb. 17, 2019, 9:24 a.m.
  • Length: 10:15

All games in this series

Show
View Real Time Build Order
Export as new Build Order

Rail Protoss - Winner!

Build Orders: Nexus First, Phoenix Opening, Archon Immortal, Mass Phoenix 

Get SALT Encoding   

  12  0:00  Probe  
  13  0:12  Probe  
  14  0:18  Pylon  
  14  0:24  Probe  
  15  0:32  Probe  
  15  0:40  Probe  
  17  0:51  Probe  
  18  1:03  Nexus  
  18  1:12  Gateway  
  18  1:15  Probe  
  19  1:20  Assimilator  
  19  1:27  Probe  
  19  1:28  Assimilator  
  20  1:35  Pylon  
  20  1:36  Probe  
  21  1:44  Probe  
  21  1:52  Probe  
  22  1:59  Cybernetics Core  
  22  2:00  Probe  
  23  2:07  Zealot  
  26  2:08  Probe  
  26  2:12  Probe  
  27  2:20  Gateway  
  27  2:22  Probe  
  28  2:23  Probe  
  30  2:32  Probe  
  30  2:35  Probe  
  32  2:40  Stargate  
  32  2:44  Probe  
  32  2:45  Sentry  
  32  2:47  Probe  
  32  2:51  Warp Gate  
  36  2:57  Probe  
  37  2:59  Probe  
  37  3:04  Pylon  
  38  3:09  Probe  
  38  3:11  Probe, Adept  
  42  3:16  Phoenix  
  42  3:21  Probe  
  42  3:23  Probe  
  42  3:25  Assimilator  
  42  3:26  Assimilator  
  46  3:33  Probe  
  47  3:37  Stargate  
  47  3:39  Probe  
  48  3:44  Pylon  
  48  3:45  Probe  
  48  3:48  Phoenix  
  49  3:51  Probe  
  52  3:57  Probe  
  52  4:00  Pylon  
  53  4:03  Probe  
  53  4:05  Phoenix  
  53  4:09  Probe  
  55  4:13  Phoenix  
  55  4:15  Probe  
  58  4:19  Pylon  
  58  4:21  Probe  
  61  4:25  Phoenix  
  61  4:27  Probe  
  64  4:31  Pylon  
  64  4:36  Phoenix  
  66  4:39  Forge  
  66  4:41  Adept x2  
  70  4:49  Phoenix  
  72  4:56  Pylon  
  72  4:59  Robotics Facility  
  72  5:07  Phoenix  
  72  5:18  Phoenix  
  72  5:20  Probe  
  72  5:21  Zealot x2  
  79  5:32  Phoenix  
  79  5:39  Protoss Ground Weapons Level 1  
  79  5:41  Zealot  
  79  5:42  Zealot  
  83  5:46  Immortal  
  83  5:48  Photon Cannon  
  87  5:52  Pylon  
  87  5:53  Gateway  
  87  5:54  Gateway  
  87  6:06  Zealot x2  
  91  6:11  Pylon  
  91  6:17  Immortal, Nexus  
  91  6:29  Pylon  
  95  6:38  Robotics Facility  
  95  6:40  Stalker x2  
  95  6:46  Twilight Council  
  100  6:47  Probe  
  100  6:50  Shield Battery  
  100  6:56  Immortal  
  100  6:57  Sentry  
  100  6:58  Probe  
  107  7:04  Probe  
  107  7:06  Pylon, Protoss Ground Weapons Level 2  
  108  7:10  Probe  
  109  7:16  Probe  
  109  7:19  Pylon  
  109  7:21  Probe  
  111  7:26  Probe  
  111  7:27  Probe  
  111  7:28  Charge, Immortal  
  111  7:29  Observer, Probe  
  116  7:36  Probe x2  
  119  7:42  Photon Cannon  
  121  7:46  Pylon  
  121  7:48  Sentry  
  121  7:49  Zealot x2  
  125  7:52  Probe  
  125  7:54  Probe  
  125  7:56  Assimilator  
  125  7:58  Probe  
  126  7:59  Assimilator  
  126  8:03  Gateway  
  126  8:04  Gateway  
  126  8:10  Templar Archives  
  126  8:12  Immortal  
  131  8:20  Pylon  
  130  8:28  Immortal  
  134  8:34  Gateway  
  134  8:40  Gateway  
  134  8:43  Warp Prism  
  134  8:48  Gateway x2  
  134  8:52  High Templar x2  
  134  8:53  High Templar x2  
  144  8:57  Pylon, Archon  
  144  8:58  Pylon, Archon  
  144  9:00  Zealot x2  
  148  9:08  Pylon  
  148  9:10  Pylon  
  152  9:17  Immortal  
  152  9:21  Zealot, Pylon  
  152  9:22  Zealot  
  152  9:24  Pylon  
  156  9:26  Zealot  
  156  9:28  Zealot  
  160  9:32  Zealot  
  162  9:41  High Templar x2  
  162  9:42  Zealot x3, High Templar x2  
  176  9:46  Archon x2  
  176  9:47  Zealot  
  144  10:00  Zealot x2  
  128  10:08  Zealot x4  
Show
View Real Time Build Order
Export as new Build Order

Serral Zerg 

Build Orders: Hatch First 

Get SALT Encoding   

  12  0:00  Drone  
  13  0:13  Overlord  
  13  0:18  Drone  
  14  0:31  Drone  
  14  0:32  Drone  
  16  0:49  Hatchery  
  15  0:52  Drone  
  15  0:56  Drone  
  17  1:00  Drone  
  18  1:11  Extractor  
  17  1:15  Spawning Pool  
  16  1:19  Drone  
  16  1:22  Drone  
  18  1:29  Drone  
  20  1:40  Drone  
  20  1:51  Overlord  
  20  2:01  Queen x2  
  20  2:04  Zergling x4  
  26  2:11  Metabolic Boost  
  26  2:14  Drone x2  
  28  2:23  Drone  
  28  2:24  Drone  
  30  2:38  Hatchery  
  29  2:44  Overlord  
  29  2:49  Queen  
  31  2:53  Drone  
  31  2:54  Drone  
  31  2:57  Drone  
  34  3:00  Drone  
  34  3:03  Drone  
  36  3:11  Drone x2  
  36  3:12  Overlord  
  38  3:15  Drone  
  38  3:16  Drone  
  38  3:18  Drone  
  42  3:20  Drone  
  42  3:22  Drone  
  43  3:30  Queen  
  45  3:36  Drone x3  
  48  3:41  Spore Crawler  
  48  3:42  Drone x3  
  48  3:46  Overlord  
  50  3:51  Overlord  
  50  3:54  Queen  
  52  4:00  Spore Crawler  
  51  4:06  Zergling x2  
  51  4:07  Zergling x10  
  51  4:09  Zergling x2  
  58  4:15  Overlord  
  58  4:16  Drone x3  
  61  4:17  Drone  
  61  4:19  Drone  
  61  4:22  Drone x2  
  65  4:27  Drone  
  66  4:32  Overlord  
  66  4:34  Lair  
  66  4:36  Roach Warren  
  65  4:38  Extractor x2, Drone  
  65  4:41  Overlord  
  65  4:42  Drone  
  65  4:48  Drone  
  65  4:49  Drone x3  
  65  4:52  Overlord, Drone  
  70  4:54  Drone x2  
  72  5:00  Queen  
  72  5:02  Spore Crawler  
  73  5:08  Drone x6  
  73  5:12  Queen  
  79  5:15  Spore Crawler  
  79  5:17  Drone x3  
  79  5:19  Drone x2  
  81  5:24  Spore Crawler  
  81  5:27  Spore Crawler, Overlord  
  79  5:29  Drone x3  
  79  5:30  Drone  
  79  5:32  Drone  
  79  5:34  Drone  
  81  5:36  Drone  
  81  5:40  Glial Reconstitution  
  82  5:44  Evolution Chamber, Extractor  
  82  5:45  Overseer  
  82  5:46  Pneumatized Carapace  
  82  5:48  Drone x2  
  82  5:49  Drone  
  83  5:51  Extractor  
  83  5:53  Extractor  
  83  5:55  Queen  
  83  5:56  Queen  
  85  6:01  Roach x2  
  87  6:06  Roach x3  
  92  6:14  Drone  
  92  6:15  Roach x4  
  101  6:22  Overlord  
  101  6:23  Overlord  
  101  6:26  Overlord  
  101  6:28  Drone x3  
  104  6:34  Queen  
  104  6:36  Overlord  
  104  6:43  Zerg Melee Weapons Level 1  
  104  6:47  Infestation Pit, Drone x2  
  104  6:48  Drone x6  
  104  6:49  Hydralisk Den, Drone  
  110  7:03  Drone x6  
  110  7:06  Hatchery  
  110  7:07  Overlord  
  115  7:14  Overlord  
  115  7:18  Drone  
  115  7:19  Muscular Augments  
  115  7:21  Overlord  
  116  7:23  Drone  
  116  7:24  Drone x2  
  116  7:28  Hive  
  116  7:32  Hydralisk x3, Spire  
  121  7:37  Hydralisk  
  121  7:38  Baneling Nest  
  122  7:44  Hydralisk x3  
  123  7:55  Hydralisk x5  
  127  8:02  Evolution Chamber  
  127  8:05  Drone x5  
  131  8:07  Extractor x2  
  131  8:10  Overlord x2  
  129  8:18  Overseer  
  129  8:21  Drone x5  
  129  8:22  Centrifical Hooks  
  133  8:30  Zergling x14  
  133  8:31  Grooved Spines  
  140  8:39  Overlord x2  
  140  8:47  Greater Spire  
  140  8:50  Zergling x16  
  148  8:58  Drone  
  148  8:59  Overlord x2  
  149  9:05  Overlord  
  148  9:10  Zergling x18  
  148  9:15  Zergling x8  
  161  9:21  Hydralisk x5  
  161  9:24  Zergling x4  
  173  9:31  Baneling x10  
  173  9:33  Zergling x2  
  173  9:34  Zergling x2  
  173  9:35  Baneling x10  
  173  9:39  Zergling x10  
  173  9:42  Baneling x8  
  173  9:43  Baneling x2  
  178  9:47  Zergling x2  
  178  9:48  Zergling x8  
  173  9:54  Zergling x12  
Tags
 
Add a new tag
Caveats
  • Supply blocks, unpowered buildings, or Contaminate may cause inaccurate times.
  • Supply counts are checked every 10 seconds.